Cogmind - Beta 15 @@@ ROGUE MODE // 2025.06.29 @ 02:59:38 Player: pyroperro Result: Destroyed by G-47 Trooper with Particle Gun Performance ------------- Evolutions (0) 0 Regions Visited (2) 400 Robots Destroyed (27) 135 Value Destroyed (749) 749 Prototype IDs (0) 0 Alien Tech Used (0) 0 Bonus (0) 0 TOTAL SCORE: 1284 Bonus ------- None Cogmind --------- Core Integrity 0/250 Matter 294/300 Energy 250/250 System Corruption 5% Temperature Cool (10) Movement Walking (190) Ox1 Location -10/Mines Parts ------- > --- POWER (1) -------- Ion Engine > --- PROPULSION (2) --- Aluminum Leg Aluminum Leg > --- UTILITY (2) ------ Improved Heat Sink Large Storage Unit > --- WEAPON (2) ------- Beam Cannon Light Cannon > --- INVENTORY (15) --- Light Ion Engine Light Treads Aluminum Leg Heat Sink Medium Storage Unit Large Storage Unit Transport Network Coupler ECM Suite Hacking Suite Small Laser Small Laser Datajack Peak State ------------ > --- POWER ------------ Ion Engine > --- PROPULSION ------- Light Treads Aluminum Leg > --- UTILITY ---------- Improved Heat Sink Large Storage Unit > --- WEAPON ----------- Beam Cannon Light Cannon > --- INVENTORY -------- Light Ion Engine Heat Sink Medium Storage Unit Large Storage Unit Transport Network Coupler ECM Suite Hacking Suite Small Laser Small Laser Datajack [Rating: 10] Favorites ----------- Power Ion Engine Engine Ion Engine Propulsion Aluminum Leg Treads Light Treads Leg Aluminum Leg Wheel Compact Wheel Utility Improved Heat Sink Device Improved Heat Sink Storage Large Storage Unit Weapon Beam Cannon Energy Gun Medium Laser Energy Cannon Beam Cannon Ballistic Gun Light Assault Rifle Ballistic Cannon Light Cannon Build | -11 -10 -10 ------- Run | Yrd Mat Min Slots Evolved . | . . . Power . | . . . Propulsion . | . . . Utility . | . . . Weapon . | . . . Parts Attached 26 | 6 18 2 Power 5 | 1 4 . Engine 5 | 1 4 . Core . | . . . Reactor . | . . . Propulsion 8 | 2 4 2 Treads 4 | 2 2 . Leg 3 | . 1 2 Wheel 1 | . 1 . Hover . | . . . Flight . | . . . Utility 5 | 1 4 . Device 2 | . 2 . Storage 3 | 1 2 . Processor . | . . . Hackware . | . . . Protection . | . . . Artifact . | . . . Weapon 8 | 2 6 . Energy Gun 4 | . 4 . Energy Cannon 1 | . 1 . Ballistic Gun 2 | 2 . . Ballistic Cannon 1 | . 1 . Launcher . | . . . Special Weapon . | . . . Impact Weapon . | . . . Slashing Weapon . | . . . Piercing Weapon . | . . . Special Melee Weapon . | . . . Unidentified Prototypes . | . . . Parts Lost 7 | . 7 . Power 1 | . 1 . Propulsion 4 | . 4 . Utility . | . . . Weapon 2 | . 2 . Highest Loss Streak 2 | . 2 . To Critical Strikes . | . . . Average Backups 7 | 2 6 10 Power . | . . 1 Propulsion . | . . . Utility 3 | . 3 6 Weapon 1 | . 1 2 Tool/Special . | . . . Unused Backups 7 | . 1 6 Power 1 | . . 1 Propulsion 1 | . 1 . Utility 4 | . . 4 Weapon . | . . . Tool/Special 1 | . . 1 Average Slot Usage (%) 87 | . 86 100 Engine 13 | . 13 14 Treads 8 | . 7 10 Leg 10 | . 9 17 Wheel 2 | . 2 . Device 10 | . 10 14 Storage 14 | . 14 14 Energy Gun 5 | . 6 . Energy Cannon 8 | . 8 14 Ballistic Gun 5 | . 6 . Ballistic Cannon 7 | . 6 14 Peak Build Rating 10 | 6 10 10 Average Rating 7 | 4 7 9 On Entrance 5 | . 6 10 Naked Turns . | . . . Heaviest Build 32 | 12 32 32 Greatest Support 40 | 40 40 20 Greatest Overweight (x) 10 | 1 6 10 Average Overweight (x) 1 | . 1 1 Largest Inventory Capacity 15 | 8 15 15 Average Capacity 12 | 7 12 15 Most Carried 12 | 3 11 12 Average Carried 7 | 2 6 10 Final Capacity 15 | 8 15 15 Final Carried 12 | 3 10 12 Class Distribution -------------------- 81% | Mutant 18% | Scavenger-Mutant Dominant Class ---------------- Mutant | -10/Materials Mutant | -10/Mines Resources | -11 -10 -10 ----------- Run | Yrd Mat Min Matter Collected 668 | 270 320 78 Remotely . | . . . Salvage Created 926 | 57 751 118 Parts 46 | . 39 7 Haulers Intercepted 2 | . 2 . Recyclers Shooed . | . . . Parts Field Recycled . | . . . Retrieved Matter . | . . . Parts Self-Destructed . | . . . Prevented . | . . . Kills | -11 -10 -10 ------- Run | Yrd Mat Min Combat Hostiles Destroyed 20 | . 17 3 Guns 16 | . 16 . Cannons 4 | . 1 3 Classes Destroyed 7 | 1 6 . Worker 1 | . 1 . Hauler 2 | . 2 . Recycler 1 | 1 . . Operator 1 | . 1 . Watcher 2 | . 2 . Swarmer 3 | . 3 . Grunt 17 | . 14 3 Best Kill Streak 6 | 1 6 2 Combat Bots Only 5 | . 5 2 Max Kills in Single Turn 1 | 1 1 1 Gunslinging . | . . . Exploded . | . . . Melee . | . . . Uniques/NPCs Destroyed . | . . . Combat | -11 -10 -10 -------- Run | Yrd Mat Min Hostile Shots Fired 153 | . 136 17 Missed 35 | . 30 5 Hits 118 | . 106 12 Projectile 118 | . 106 12 Damage Taken 1322 | . 1169 153 Core 256 | . 208 48 Absorbed by Shields . | . . . Core Remaining (%) 100 | 100 . . Volleys Fired 116 | 5 101 10 Largest 2 | 2 2 2 Hottest 110 | 40 110 90 Shots Fired 215 | 10 185 20 Gun 166 | 10 156 . Cannon 49 | . 29 20 Launcher . | . . . Special . | . . . Kinetic 115 | 10 95 10 Thermal 100 | . 90 10 Explosive . | . . . Electromagnetic . | . . . Robot Hit Streak 14 | 3 14 5 Robot Miss Streak 5 | 2 5 3 Penetration Max . | . . . Secondary Targets 1 | . 1 . Max Gunslinging Chain 1 | . 1 . Shots Hit Robots 140 | 6 122 12 Core Hits 57 | 3 49 5 Critical Kills . | . . . Critical Parts Destroyed . | . . . Critical Strikes 9 | . 8 1 Burn 7 | . 7 . Blast 2 | . 1 1 Melee Attacks . | . . . Impact . | . . . Slashing . | . . . Piercing . | . . . Sneak Attacks . | . . . Combat Hostiles . | . . . Follow-up Attacks . | . . . Damage Inflicted 1614 | 56 1354 204 Guns 1147 | 56 1091 . Cannons 457 | . 253 204 Explosions . | . . . Melee . | . . . Ramming 10 | . 10 . Kinetic 825 | 56 654 115 Thermal 779 | . 690 89 Explosive . | . . . Electromagnetic . | . . . Impact . | . . . Slashing . | . . . Piercing . | . . . Highest Corruption 5 | . 5 5 Average Corruption 3 | . 3 5 Corruption Purged . | . . . Corruption Blocked . | . . . Effects 33 | . 26 7 Message Errors 8 | . 6 2 Matter Fused 8 | . 5 3 Heat Flow Errors 3 | . 3 . Energy Discharges 6 | . 4 2 Parts Fused 1 | . 1 . Data Loss (minor) 4 | . 4 . Data Loss (major) 1 | . 1 . Alerts 2 | . 2 . Overload Shots . | . . . Overflow Damage 24 | . 24 . Projectiles 24 | . 24 . Explosions . | . . . Melee . | . . . Knockbacks 4 | . 1 3 Impact . | . . . Kinetic 4 | . 1 3 Secondary . | . . . Self-Inflicted Damage . | . . . Shots . | . . . Rammed 1 | . 1 . Targets Rammed 3 | . 3 . Kicked 2 | . 2 . Crushed . | . . . Highest Temperature 338 | . 338 5 Average Temperature 89 | . 95 2 Received Heat Transfer 594 | . 507 87 Siege Activations . | . . . Martial Activations . | . . . Shielding Activations . | . . . Robots Disrupted . | . . . Combat Hostiles . | . . . Robots Corrupted . | . . . Combat Hostiles . | . . . Parts Fried . | . . . Impact Corruptions . | . . . Robots Melted . | . . . Combat Hostiles . | . . . Parts Melted 9 | . 9 . Heat Transferred 2570 | . 2385 185 Parts Sabotaged . | . . . Parts Stolen . | . . . Parts Stripped . | . . . Power Chain Reactions . | . . . Alert | -11 -10 -10 ------- Run | Yrd Mat Min Maximum Alert Level . | . . . Low Security (%) 100 | 100 100 100 Level 1 . | . . . Level 2 . | . . . Level 3 . | . . . Level 4 . | . . . Level 5 . | . . . High Security . | . . . Max Security . | . . . Peak Influence 142 | 5 142 55 Initial . | . . . Average 39 | . 43 14 Influence Increases 628 | 5 538 85 Destroy 0b10 Robot/C 400 | . 340 60 Destroy 0b10 Robot/NC 35 | 5 30 . Destroy Leader 88 | . 78 10 Disable Machine 45 | . 45 . Lose Combat Pursuer 60 | . 45 15 Influence Decreases 593 | 5 538 50 Time Decay 523 | 5 468 50 Lost Part 70 | . 70 . Squads Dispatched 3 | . 3 . Investigation 1 | . 1 . Extermination . | . . . Reinforcement 2 | . 2 . Assault . | . . . Garrison . | . . . Intercept . | . . . Searches Triggered . | . . . Construction Impeded . | . . . Haulers Reinforced . | . . . Active Scanning Responses . | . . . Cargo Convoy Interrupts . | . . . Stealth | -11 -10 -10 --------- Run | Yrd Mat Min Distress Signals 5 | . 5 . Communications Jammed . | . . . Distress Signals . | . . . Times Spotted 40 | . 35 5 Peak Tracking Total 7 | . 7 3 Tactical Retreats 3 | . 2 1 Traps | -11 -10 -10 ------- Run | Yrd Mat Min Traps Triggered 4 | . 4 . Indirectly . | . . . Trap Hack Attempts . | . . . Triggered . | . . . Disarmed 3 | . 3 . Reprogrammed . | . . . Reused . | . . . Traps Extracted . | . . . Installed . | . . . Triggered . | . . . Machines | -11 -10 -10 ---------- Run | Yrd Mat Min Machines Disabled 3 | . 3 . Max in Single Turn 1 | . 1 . Machines Repaired . | . . . Machines Dismantled . | . . . Machines Sabotaged . | . . . Overloaded Fab Kills . | . . . Hacking | -11 -10 -10 --------- Run | Yrd Mat Min Machines Accessed 4 | . 4 . Terminals 4 | . 4 . Fabricators . | . . . Repair Stations . | . . . Recycling Units . | . . . Scanalyzers . | . . . Garrison Access . | . . . Total Hacks 7 | . 7 . Successful 2 | . 2 . Failed 5 | . 5 . Catastrophic 1 | . 1 . Database Lockouts . | . . . Manual 7 | . 7 . Terminals 7 | . 7 . Fabricators . | . . . Repair Stations . | . . . Recycling Units . | . . . Scanalyzers . | . . . Garrison Access . | . . . Terminal Hacks 1 | . 1 . Disarm Traps 1 | . 1 . Fabricator Hacks . | . . . Repair Station Hacks . | . . . Recycling Unit Hacks . | . . . Scanalyzer . | . . . Garrison Access Hacks . | . . . Unauthorized Hacks 1 | . 1 . Terminals 1 | . 1 . Operators 1 | . 1 . Fabricators . | . . . Repair Stations . | . . . Recycling Units . | . . . Scanalyzers . | . . . Garrison Access . | . . . Data Cores Recovered . | . . . Used . | . . . Hacking Detections 1 | . 1 . Full Trace Events 1 | . 1 . Feedback Events . | . . . Feedback Blocked . | . . . Robot Schematics Acquired . | . . . Robots Built . | . . . Authchips . | . . . Time . | . . . Total Robot Build Rating . | . . . Part Schematics Acquired . | . . . Parts Built . | . . . Authchips . | . . . Time . | . . . Total Part Build Rating . | . . . Parts Repaired . | . . . Time . | . . . Parts Recycled . | . . . Recycled Matter . | . . . Retrieved Matter . | . . . Retrieved Components . | . . . Parts Scanalyzed . | . . . Part Schematics Acquired . | . . . Parts Damaged . | . . . Bothacking | -11 -10 -10 ------------ Run | Yrd Mat Min Used RIF Installer . | . . . Robots Hacked . | . . . Non-combat . | . . . Combat . | . . . Robot Hacks Applied . | . . . Relay Couplers Released . | . . . Fabnet Peak Effective % . | . . . Robots Rewired . | . . . Allies Hacked . | . . . Hacks Repelled . | . . . Allies | -11 -10 -10 -------- Run | Yrd Mat Min Total Allies . | . . . Largest Group . | . . . Highest-Rated Group . | . . . Highest-Rated Ally . | . . . Total Orders . | . . . Ally Attacks . | . . . Total Damage . | . . . Kills . | . . . Allies Corrupted . | . . . Allies Melted . | . . . Intel | -11 -10 -10 ------- Run | Yrd Mat Min Active Infowar (turns) . | . . . Robot Analysis Total . | . . . Derelict Logs Recovered 2 | . . 2 Drone Launches . | . . . Drone Recoveries . | . . . Exploration | -11 -10 -10 ------------- Run | Yrd Mat Min Turns Passed 2302 | 76 1983 243 Spaces Moved 906 | 36 783 87 Core 8 | 5 2 1 Treads 323 | 31 224 68 Legs 391 | . 373 18 Wheels 184 | . 184 . Hover . | . . . Flight . | . . . Fastest Speed 50 | 50 100 190 Average Speed 209 | 146 208 239 Slowest Speed 550 | 160 350 550 Overloaded Moves . | . . . Propulsion Burnouts . | . . . Robots Hopped . | . . . Potential Cave-ins . | . . . Cave-ins Triggered . | . . . Exploration Rate (%) 41 | 5 98 22 Regions Visited 2 Branch Regions 1 Pre-discovered Areas 2 | . . 2 Known Exits Taken . | . . . Unknown Exits Taken 2 | 1 1 . Scrap Searched . | . . . Spaces Dug . | . . . Terrain Destroyed . | . . . Melee . | . . . Projectile . | . . . AOE . | . . . Terrain Rammed . | . . . Walls Destroyed . | . . . Machines Disabled . | . . . Actions | -11 -10 -10 --------- Run | Yrd Mat Min Total 1107 | 49 957 101 Wait 36 | . 36 . Move 904 | 35 782 87 Hop . | . . . Pick Up 13 | 3 9 1 Fast Attach 15 | 6 8 1 Attach 4 | . 4 . Detach 2 | . 1 1 Swap 7 | . 6 1 Drop 7 | . 7 . Fire 116 | 5 101 10 Melee . | . . . Ram . | . . . Kick 2 | . 2 . Crush 1 | . 1 . Escape Stasis . | . . . Rewire . | . . . Trap . | . . . Miscellaneous . | . . . Route ------- -11/Scrapyard -10/Materials (discovered 4 exits: [*Mat x3] / [*Min]) -10/Mines History --------- Turn | Location | Event 43 | -11/Scrapyard | Discovered new exit (range 12) 77 | -11/Scrapyard | Entered Materials 308 | -10/Materials | Build established: Mutant 464 | -10/Materials | Discovered new exit (range 15) 559 | -10/Materials | Core integrity fell below 50% 676 | -10/Materials | Discovered new exit (range 8) 881 | -10/Materials | Build established: Scavenger-Mutant 901 | -10/Materials | Core integrity fell below 20% 1070 | -10/Materials | Discovered new exit (range 8) 1243 | -10/Materials | Build established: Mutant 1687 | -10/Materials | Discovered new exit (range 10) 2060 | -10/Materials | Entered Mines 2149 | -10/Mines | Learned location of Recycling (-8) 2303 | -10/Mines | Destroyed by G-47 Trooper with Particle Gun Last Messages --------------- 02216_ JFVKVV|AIA:9&5R1 HQOQ1VQYC9R5L 02219_ G-47 Trooper destroyed. 02222_ G-34 Mercenary knocked back. 02225_ G-34 Mercenary destroyed. 02230_ Acquired 29 matter. 02239_ Acquired Aluminum Leg. 02243_ Acquired 10 matter. 02245_ System corrupted: Energy discharge (-77). 02253_ Discarded Aluminum Leg. 02257_ Acquired Aluminum Leg. 02265_ G-34 Mercenary Ion Engine blasted off. 02265_ G-34 Mercenary knocked back. 02266_ System corrupted: Matter fused (-7). 02274_ G-34 Mercenary knocked back. 02277_ G-34 Mercenary destroyed. 02279_ R-06 Scavenger collects Imp. Heat Sink. 02283_ Acquired 7 matter. 02287_ Acquired 29 matter. 02291_ Acquired 3 matter. 02294_ R-06 Scavenger collects Ion Engine. Map ----- +----------------------------------------------------+ | ??????????????????# ## #???????? | | ??????????????????# ## #???????? | | ??????????????????# ## #???????? | | ??????????????????# ## #???????? | | ??????????????????# ## #???????? | | ??????????????????# ## #???????? | | ?????????????????? ?# #???????? | | ??????????????????# ?# #???????? | | ??????????????????? ?# #???????? | | ??????????????????? ?# #???????? | | ??????????????????? ?# #???????? | | ???????????????????#?# #???????? | | ?????????????????????# %#####???? | | ?????????????????????#% #???? | | ?????????????????????#!* #???? | | ?????????????????????##### #???? | | ?????????????????????????# #???? | | ?????????????????????????#r #???? | | ?????????????????????????# #???? | | ????????????????????????## ##??? | | ???????????????????????##% [ #??? | | ???????????????????????# ##??? | | ??????????????????????## ##???? | | ?????????????????????## ##????? | | ?????????????????????# #?????? | | ?????????????????????# @#?????? | | ?????????????????????## ##?????? | | ??????????????????????#g##??????? | | ??????????????????????# ????????? | | ?????????????????????? ????????? | | ?????????????????????## ????????? | | ?????????????????????? ????????? | | ?????????????????????? ????????? | | ?????????????????????? ????????? | | ????????????????????? "?????????? | | ????????????????????? "?????????? | | ????????????????????????????????? | | ????????????????????????????????? | | ????????????????????????????????? | | ????????????????????????????????? | | ????????????????????????????????? | | ????????????????????????????????? | | | | | | | | | | | | | | | | | +----------------------------------------------------+ Best States ------------- Heat Dissipation 39 Energy Generation 10 Energy Capacity 250 Matter Stores 300 Matter Capacity 300 Sight Range 16 Terrain Scan Density 10 Evasion (%) 40 Recoil Reduction 2 Item Schematics ----------------- None Robot Schematics ------------------ None Fabricated ------------ Nothing Repaired ---------- Nothing Alien Tech Used ----------------- None Achievements -------------- Fist Fight Challenges ------------ None Game ------ Seed SapperGravjetCarapace Manual? 0 Play Time 00:14:55 Cumulative 6.3 hours Start 2025.06.29 @ 01:30:49 End 2025.06.29 @ 02:59:38 Sessions 2 Manual Loads 0 Difficulty Rogue Special Mode None Game No. 9 Rogue 9 Adventurer 0 Explorer 0 Win Type - Total 0 Types 0/0/0/0/0/0/0/0/0/0 Lore% 6 Gallery% 12 Achievement% 16 Wizard Run 0 Options --------- Layout 2 ASCII 0 Keyboard 0 Movement Mouse Keybinds 0 Fullscreen 1 Font 24/Smallcaps Map View 50x44 Zoom Use 0% Tactical HUD 1 Map Filters NONE Filters NONE Steam 1 RUN: 2a02b0e9-ca29-41a3-b3fd-bdcf9fca96a5